Devils vs Flyers

Created - November 4 2007 at 13:25

Goals
1 2 3 OT1 T
Devils 0 2 0 0 2
Flyers 2 0 0 1 3
Shots
1 2 3 OT1 T
Devils 4 8 12 4 28
Flyers 11 9 3 5 28

Period #1

1. Flyers , Keith Tkachuk 3 (Mike Knuble, Simon Gagne) at 7:15
2. Flyers , Simon Gagne 13 (Wade Redden, Mike Knuble) at 12:10

Penalities :
Branko Radivojevic (PHI) for Fighting (Major) at 3:16, Zach Parise (NJD) for Fighting (Major) at 3:16, Mike Rathje (PHI) for Slashing (Minor) at 3:16, Michal Handzus (PHI) for Slashing (Minor) at 3:16, Michael Nylander (NJD) for High sticking (Minor) at 3:16, Jamie Langenbrunner (NJD) for Boarding (Minor) at 3:16, Sami Kapanen (PHI) for Roughing (Minor) at 3:16, Sami Kapanen (PHI) for Roughing (Minor) at 15:09

Period #2

3. Devils , Brian Gionta 7 (Mike Ribeiro, Mike Comrie) at 5:51
4. Devils , Patrik Elias 4 (Miroslav Satan, Scott Gomez) at 8:55

Penalities :
Jamie Langenbrunner (NJD) for Hooking (Minor) at 2:03, Miroslav Satan (NJD) for Holding (Minor) at 6:34, Jamie Langenbrunner (NJD) for High sticking (Minor) at 16:22

Period #3

No Goal

Penalities :
Mike Knuble (PHI) for Hooking (Minor) at 3:49, Travis Zajac (NJD) for Tripping (Minor) at 6:13, Simon Gagne (PHI) for Roughing (Minor) at 7:18, Brian Rafalski (NJD) for Hooking (Minor) at 7:18

Overtime #1

5. Flyers , Mike Knuble 5 (Simon Gagne, Wade Redden) at 3:37

Penalities :
No Penalty

Goalie Stats

Martin Brodeur (NJD), 25 saves from 28 shots - (0.893), OTL, 9-7-1, 63:38 minutes
Chris Osgood (PHI), 26 saves from 28 shots - (0.929), W, 12-3-1, 63:38 minutes

Players Stats

Devils
Player Name              G  A  P  +/- PIM S  H  SB FO MP 
-----------------------------------------------------------
Brad Lukowich            0  0  0   0  0   1  1  3  0  26 
Brendan Witt             0  0  0  -1  0   0  4  3  0  23 
Brian Gionta             1  0  1   0  0   2  3  0  0  16 
Brian Rafalski           0  0  0  -1  2   1  1  1  0  21 
Chris Chelios            0  0  0   0  0   1  0  1  0  22 
Colin White              0  0  0   0  0   0  2  2  0  17 
Jamie Langenbrunner      0  0  0   0  6   0  1  1  1  14 
John Madden              0  0  0   0  0   1  0  0  0  10 
Juraj Kolnik             0  0  0   0  0   0  0  0  5  12 
Michael Nylander         0  0  0  -1  2   3  2  0  31 21 
Mike Comrie              0  1  1   0  0   3  1  0  15 15 
Mike Ribeiro             0  1  1   0  0   1  1  0  0  17 
Miroslav Satan           0  1  1   0  2   6  3  0  2  22 
Patrik Elias             1  0  1  -1  0   4  0  1  0  23 
Paul Martin              0  0  0   0  0   0  0  0  0  24 
Scott Gomez              0  1  1   0  0   0  2  0  20 14 
Travis Zajac             0  0  0   0  2   2  1  0  10 7  
Zach Parise              0  0  0   0  5   3  1  0  9  18 
Flyers
Player Name              G  A  P  +/- PIM S  H  SB FO MP 
-----------------------------------------------------------
Branislav Mezei          0  0  0  -1  0   0  2  0  0  20 
Branko Radivojevic       0  0  0   0  15  0  0  0  0  1  
Brendan Shanahan         0  0  0   0  0   7  4  0  3  21 
Denis Gauthier           0  0  0   0  0   0  2  0  0  24 
Frederick Meyer Iv       0  0  0  -1  0   0  0  0  0  23 
Jiri Hudler              0  0  0   0  0   4  2  0  1  19 
Keith Tkachuk            1  0  1   1  0   4  1  0  26 22 
Michal Handzus           0  0  0   0  2   0  1  0  14 10 
Mike Knuble              1  2  3   2  2   2  2  0  11 22 
Mike Rathje              0  0  0   0  2   0  0  0  0  18 
Pavel Kubina             0  0  0   2  0   0  2  1  0  24 
Peter Forsberg           0  0  0   0  0   3  2  0  16 12 
Randy Robitaille         0  0  0  -1  0   1  1  1  0  17 
Sami Kapanen             0  0  0   0  4   0  2  0  0  7  
Simon Gagne              1  2  3   2  2   3  7  0  5  25 
Todd White               0  0  0  -1  0   2  2  2  17 19 
Tomas Holmstrom          0  0  0   0  0   1  2  0  0  17 
Wade Redden              0  2  2   1  0   1  2  2  0  24 

3 Stars

1 - Simon Gagne (PHI)
2 - Mike Knuble (PHI)
3 - Wade Redden (PHI)

Power Play

Devils - 0 on 3 Attempt(s) - 0.00%
Flyers - 0 on 4 Attempt(s) - 0.00%

Penalty Kill

Devils - 4 on 4 Attempt(s) - 100.00% - Score 0 goal in Penalty Kill
Flyers - 3 on 3 Attempt(s) - 100.00% - Score 0 goal in Penalty Kill

Game Notes

General Fight at 3:16 of 1st period
Branko Radivojevic and Zach Parise fight to a draw at 3:16 of 1st period
Branko Radivojevic ejected from game at 3:16 of 1st period
Peter Forsberg is injured at 13:23 of 2nd period (Lower Leg)

Finance

Level 1 -- Attendance: 5658 (94.30%) -- Ticket Income $509,220.00
Level 2 -- Attendance: 4902 (89.57%) -- Ticket Income $269,610.00
Level 3 -- Attendance: 2403 (85.81%) -- Ticket Income $72,090.00
Level 4 -- Attendance: 2766 (65.07%) -- Ticket Income $69,150.00
Luxury Box -- Attendance: 831 (83.11%) -- Ticket Income $157,890.00
Game was played at the Wachovia Center
Total Attendance: 16560 (84.82%)
Total Ticket Income: $1,157,710.00
Other Income: $173,619.60
Total Income: $1,331,330.00


Play by Play

Period #1

0:01 of 1st period - Simon Gagne wins face-off versus Scott Gomez in neutral zone.
0:31 of 1st period - Shot by Patrik Elias.
0:31 of 1st period - Shot Blocked by Wade Redden.
0:33 of 1st period - Shot by Miroslav Satan.
0:33 of 1st period - Stopped by Chris Osgood without a rebound.
0:34 of 1st period - Peter Forsberg wins face-off versus Michael Nylander in Flyers zone.
0:36 of 1st period - Icing by Tomas Holmstrom.
0:37 of 1st period - Michael Nylander wins face-off versus Peter Forsberg in Flyers zone.
0:47 of 1st period - Shot by Peter Forsberg.
0:47 of 1st period - Shot Misses the Net.
0:49 of 1st period - Shot by Brendan Shanahan.
0:49 of 1st period - Shot Misses the Net.
0:53 of 1st period - Shot by Tomas Holmstrom.
0:53 of 1st period - Shot Misses the Net.
0:57 of 1st period - Shot by Brendan Shanahan.
0:57 of 1st period - Shot Blocked by Brad Lukowich.
0:59 of 1st period - Shot by Brendan Shanahan.
0:59 of 1st period - Shot Misses the Net.
3:08 of 1st period - Shot by Miroslav Satan.
3:08 of 1st period - Stopped by Chris Osgood without a rebound.
3:09 of 1st period - Michal Handzus wins face-off versus Michael Nylander in Flyers zone.
3:16 of 1st period - Branko Radivojevic and Zach Parise fight to a draw.
3:16 of 1st period - Penalty to Branko Radivojevic for Fighting.
3:16 of 1st period - Penalty to Zach Parise for Fighting.
3:16 of 1st period - Branko Radivojevic is ejected from game.
3:16 of 1st period - Minor Penalty to Mike Rathje for Slashing.
3:16 of 1st period - Minor Penalty to Michal Handzus for Slashing.
3:16 of 1st period - Minor Penalty to Michael Nylander for High sticking.
3:16 of 1st period - Minor Penalty to Jamie Langenbrunner for Boarding.
3:16 of 1st period - Minor Penalty to Sami Kapanen for Roughing.
3:17 of 1st period - Juraj Kolnik wins face-off versus Keith Tkachuk in Flyers zone.
3:31 of 1st period - Shot by Miroslav Satan.
3:31 of 1st period - Deflect By Juraj Kolnik.
3:31 of 1st period - Shot Misses the Net.
3:46 of 1st period - Miroslav Satan is hit by Brendan Shanahan and loses puck.
4:04 of 1st period - Shot by Brian Gionta.
4:04 of 1st period - Deflect By Patrik Elias.
4:04 of 1st period - Shot Misses the Net.
4:28 of 1st period - Shot by Brian Gionta.
4:28 of 1st period - Shot Misses the Net.
5:01 of 1st period - Icing by Juraj Kolnik.
5:02 of 1st period - Juraj Kolnik wins face-off versus Peter Forsberg in Devils zone.
5:02 of 1st period - Juraj Kolnik is hit by Simon Gagne.
5:13 of 1st period - Miroslav Satan is hit by Simon Gagne and loses puck.
5:22 of 1st period - Shot by Mike Knuble.
5:22 of 1st period - Shot Misses the Net.
6:16 of 1st period - Shot by Randy Robitaille.
6:16 of 1st period - Shot Blocked by Jamie Langenbrunner.
6:46 of 1st period - Icing by Brian Rafalski.
6:47 of 1st period - Michael Nylander wins face-off versus Keith Tkachuk in Devils zone.
6:47 of 1st period - Michael Nylander is hit by Mike Knuble.
7:11 of 1st period - Shot by Mike Knuble.
7:11 of 1st period - Shot Blocked by Patrik Elias.
7:15 of 1st period - Shot by Keith Tkachuk.
7:15 of 1st period - Goal by Keith Tkachuk - Devils : 0 - Flyers : 1.
7:16 of 1st period - Mike Comrie wins face-off versus Peter Forsberg in neutral zone.
7:19 of 1st period - Shot by Mike Ribeiro.
7:19 of 1st period - Shot Misses the Net.
7:37 of 1st period - Shot by Brendan Shanahan.
7:37 of 1st period - Stopped by Martin Brodeur without a rebound.
7:38 of 1st period - Todd White wins face-off versus Miroslav Satan in Devils zone.
7:55 of 1st period - Shot by Scott Gomez.
7:55 of 1st period - Shot Blocked by Todd White.
7:57 of 1st period - Shot by Brendan Witt.
7:57 of 1st period - Shot Blocked by Todd White.
8:49 of 1st period - Shot by Mike Comrie.
8:49 of 1st period - Shot Misses the Net.
8:58 of 1st period - Shot by Mike Comrie.
8:58 of 1st period - Stopped by Chris Osgood without a rebound.
8:59 of 1st period - Keith Tkachuk wins face-off versus Travis Zajac in Flyers zone.
8:59 of 1st period - Keith Tkachuk is hit by Travis Zajac.
9:05 of 1st period - Chris Chelios is hit by Simon Gagne and loses puck.
9:14 of 1st period - Shot by Mike Knuble.
9:14 of 1st period - Stopped by Martin Brodeur without a rebound.
9:15 of 1st period - Mike Comrie wins face-off versus Peter Forsberg in Devils zone.
10:04 of 1st period - Icing by Mike Comrie.
10:05 of 1st period - Keith Tkachuk wins face-off versus Mike Comrie in Devils zone.
10:17 of 1st period - Icing by Pavel Kubina.
10:18 of 1st period - Scott Gomez wins face-off versus Keith Tkachuk in Flyers zone.
10:18 of 1st period - Patrik Elias is hit by Keith Tkachuk and loses puck.
10:26 of 1st period - Wade Redden is hit by Scott Gomez and loses puck.
10:36 of 1st period - Icing by Scott Gomez.
10:37 of 1st period - Michal Handzus wins face-off versus Scott Gomez in Devils zone.
10:41 of 1st period - Simon Gagne is hit by Brendan Witt and loses puck.
10:51 of 1st period - Icing by Patrik Elias.
10:52 of 1st period - Keith Tkachuk wins face-off versus Miroslav Satan in Devils zone.
11:02 of 1st period - Shot by Wade Redden.
11:02 of 1st period - Stopped by Martin Brodeur without a rebound.
11:03 of 1st period - Todd White wins face-off versus Michael Nylander in Devils zone.
11:48 of 1st period - Icing by Michael Nylander.
11:49 of 1st period - Michael Nylander wins face-off versus Mike Knuble in Devils zone.
12:06 of 1st period - Shot by Mike Knuble.
12:06 of 1st period - Shot Hit the Post.
12:10 of 1st period - Shot by Simon Gagne.
12:10 of 1st period - Goal by Simon Gagne - Devils : 0 - Flyers : 2.
12:11 of 1st period - Peter Forsberg wins face-off versus Scott Gomez in neutral zone.
12:30 of 1st period - Shot by Tomas Holmstrom.
12:30 of 1st period - Deflect By Peter Forsberg.
12:30 of 1st period - Shot Blocked by Brendan Witt.
12:32 of 1st period - Shot by Brendan Shanahan.
12:32 of 1st period - Shot Misses the Net.
12:36 of 1st period - Shot by Brendan Shanahan.
12:36 of 1st period - Shot Misses the Net.
12:38 of 1st period - Shot by Peter Forsberg.
12:38 of 1st period - Shot Blocked by Chris Chelios.
12:44 of 1st period - Shot by Peter Forsberg.
12:44 of 1st period - Stopped by Martin Brodeur without a rebound.
12:45 of 1st period - Keith Tkachuk wins face-off versus Mike Comrie in Devils zone.
12:52 of 1st period - Shot by Keith Tkachuk.
12:52 of 1st period - Shot Misses the Net.
13:02 of 1st period - Shot by Brian Gionta.
13:02 of 1st period - Shot Misses the Net.
13:20 of 1st period - Shot by Simon Gagne.
13:20 of 1st period - Stopped by Martin Brodeur without a rebound.
13:21 of 1st period - Todd White wins face-off versus Michael Nylander in Devils zone.
13:58 of 1st period - Todd White is hit by Brian Rafalski and loses puck.
14:17 of 1st period - Shot by Peter Forsberg.
14:17 of 1st period - Shot Misses the Net.
14:21 of 1st period - Shot by Brendan Shanahan.
14:21 of 1st period - Deflect By Peter Forsberg.
14:21 of 1st period - Stopped by Martin Brodeur without a rebound.
14:22 of 1st period - Keith Tkachuk wins face-off versus Scott Gomez in Devils zone.
14:32 of 1st period - Simon Gagne is hit by Brendan Witt and loses puck.
14:42 of 1st period - Simon Gagne is hit by Brendan Witt and loses puck.
14:53 of 1st period - Shot by Simon Gagne.
14:53 of 1st period - Stopped by Martin Brodeur without a rebound.
14:54 of 1st period - Mike Comrie wins face-off versus Peter Forsberg in Devils zone.
14:54 of 1st period - Mike Comrie is hit by Brendan Shanahan.
15:03 of 1st period - Peter Forsberg is hit by Colin White and loses puck.
15:06 of 1st period - Shot by Brendan Shanahan.
15:06 of 1st period - Stopped by Martin Brodeur with a rebound.
15:08 of 1st period - Shot by Brendan Shanahan.
15:08 of 1st period - Stopped by Martin Brodeur without a rebound.
15:09 of 1st period - Travis Zajac wins face-off versus Michal Handzus in Devils zone.
15:09 of 1st period - Minor Penalty to Sami Kapanen for Roughing.
15:10 of 1st period - Michael Nylander wins face-off versus Michal Handzus in Devils zone.
17:21 of 1st period - Shot by Travis Zajac.
17:21 of 1st period - Stopped by Chris Osgood without a rebound.
17:22 of 1st period - Peter Forsberg wins face-off versus Mike Comrie in Flyers zone.
17:22 of 1st period - Peter Forsberg is hit by Mike Ribeiro.
17:28 of 1st period - Shot by Brendan Shanahan.
17:28 of 1st period - Shot Blocked by Colin White.
17:55 of 1st period - Brian Gionta is hit by Peter Forsberg and loses puck.

Period #2

0:01 of 2nd period - Keith Tkachuk wins face-off versus Scott Gomez in neutral zone.
0:56 of 2nd period - Icing by Brendan Witt.
0:57 of 2nd period - Scott Gomez wins face-off versus Peter Forsberg in Devils zone.
0:59 of 2nd period - Patrik Elias is hit by Peter Forsberg and loses puck.
2:03 of 2nd period - Minor Penalty to Jamie Langenbrunner for Hooking.
2:04 of 2nd period - Zach Parise wins face-off versus Peter Forsberg in Devils zone.
2:10 of 2nd period - Icing by Simon Gagne.
2:11 of 2nd period - Zach Parise wins face-off versus Peter Forsberg in Flyers zone.
2:54 of 2nd period - Shot by Tomas Holmstrom.
2:54 of 2nd period - Shot Blocked by Brad Lukowich.
2:56 of 2nd period - Shot by Frederick Meyer Iv.
2:56 of 2nd period - Shot Misses the Net.
2:58 of 2nd period - Shot by Brendan Shanahan.
2:58 of 2nd period - Stopped by Martin Brodeur without a rebound.
2:59 of 2nd period - Michael Nylander wins face-off versus Keith Tkachuk in Devils zone.
2:59 of 2nd period - Michael Nylander is hit by Tomas Holmstrom.
3:09 of 2nd period - Shot by Keith Tkachuk.
3:09 of 2nd period - Deflect By Brendan Shanahan.
3:09 of 2nd period - Shot Misses the Net.
3:13 of 2nd period - Shot by Brendan Shanahan.
3:13 of 2nd period - Stopped by Martin Brodeur without a rebound.
3:14 of 2nd period - Michael Nylander wins face-off versus Michal Handzus in Devils zone.
4:07 of 2nd period - Shot by Miroslav Satan.
4:07 of 2nd period - Stopped by Chris Osgood without a rebound.
4:08 of 2nd period - Mike Comrie wins face-off versus Jiri Hudler in Flyers zone.
4:19 of 2nd period - Icing by Branislav Mezei.
4:20 of 2nd period - Todd White wins face-off versus Travis Zajac in Flyers zone.
4:42 of 2nd period - John Madden is hit by Todd White and loses puck.
5:11 of 2nd period - Shot by Peter Forsberg.
5:11 of 2nd period - Stopped by Martin Brodeur without a rebound.
5:12 of 2nd period - Keith Tkachuk wins face-off versus Mike Comrie in Devils zone.
5:51 of 2nd period - Shot by Brian Gionta.
5:51 of 2nd period - Goal by Brian Gionta - Devils : 1 - Flyers : 2.
5:52 of 2nd period - Peter Forsberg wins face-off versus Scott Gomez in neutral zone.
5:55 of 2nd period - Shot by Brendan Shanahan.
5:55 of 2nd period - Stopped by Martin Brodeur without a rebound.
5:56 of 2nd period - Peter Forsberg wins face-off versus Scott Gomez in Devils zone.
6:34 of 2nd period - Minor Penalty to Miroslav Satan for Holding.
6:35 of 2nd period - Zach Parise wins face-off versus Peter Forsberg in Flyers zone.
6:52 of 2nd period - Shot by Zach Parise.
6:52 of 2nd period - Shot Misses the Net.
6:54 of 2nd period - Shot by Zach Parise.
6:54 of 2nd period - Shot Misses the Net.
6:56 of 2nd period - Shot by Brad Lukowich.
6:56 of 2nd period - Shot Misses the Net.
7:00 of 2nd period - Shot by Michael Nylander.
7:00 of 2nd period - Shot Misses the Net.
7:02 of 2nd period - Shot by Zach Parise.
7:02 of 2nd period - Deflect By Michael Nylander.
7:02 of 2nd period - Stopped by Chris Osgood without a rebound.
7:03 of 2nd period - Keith Tkachuk wins face-off versus Michael Nylander in Flyers zone.
7:24 of 2nd period - Brad Lukowich is hit by Brendan Shanahan and loses puck.
8:45 of 2nd period - Off-side.
8:46 of 2nd period - Scott Gomez wins face-off versus Todd White in neutral zone.
8:53 of 2nd period - Shot by Patrik Elias.
8:53 of 2nd period - Shot Misses the Net.
8:55 of 2nd period - Shot by Miroslav Satan.
8:55 of 2nd period - Deflect By Patrik Elias.
8:55 of 2nd period - Goal by Patrik Elias - Devils : 2 - Flyers : 2.
8:56 of 2nd period - Mike Comrie wins face-off versus Michal Handzus in neutral zone.
9:14 of 2nd period - Off-side.
9:15 of 2nd period - Travis Zajac wins face-off versus Todd White in neutral zone.
9:32 of 2nd period - Shot by Jiri Hudler.
9:32 of 2nd period - Shot Blocked by Brad Lukowich.
10:18 of 2nd period - Icing by Mike Knuble.
10:19 of 2nd period - Keith Tkachuk wins face-off versus Michael Nylander in Flyers zone.
10:46 of 2nd period - Keith Tkachuk is hit by Jamie Langenbrunner and loses puck.
11:08 of 2nd period - Keith Tkachuk is hit by Miroslav Satan and loses puck.
11:43 of 2nd period - Icing by Scott Gomez.
11:44 of 2nd period - Peter Forsberg wins face-off versus Scott Gomez in Devils zone.
12:59 of 2nd period - Peter Forsberg is hit by Mike Comrie and loses puck.
13:13 of 2nd period - Icing by Mike Rathje.
13:14 of 2nd period - Michael Nylander wins face-off versus Peter Forsberg in Flyers zone.
13:22 of 2nd period - Peter Forsberg is hit by Brad Lukowich and loses puck.
13:23 of 2nd period - Peter Forsberg from Flyers is injured at 13:23 of 2nd period (Lower Leg).
13:24 of 2nd period - Michael Nylander wins face-off versus Todd White in Devils zone.
13:24 of 2nd period - Michael Nylander is hit by Todd White.
13:41 of 2nd period - Shot by Todd White.
13:41 of 2nd period - Stopped by Martin Brodeur with a rebound.
13:43 of 2nd period - Shot by Jiri Hudler.
13:43 of 2nd period - Stopped by Martin Brodeur without a rebound.
13:44 of 2nd period - Keith Tkachuk wins face-off versus Mike Comrie in Devils zone.
14:04 of 2nd period - Off-side.
14:05 of 2nd period - Todd White wins face-off versus Michael Nylander in neutral zone.
14:08 of 2nd period - Michael Nylander is hit by Jiri Hudler and loses puck.
14:13 of 2nd period - Shot by Jiri Hudler.
14:13 of 2nd period - Stopped by Martin Brodeur without a rebound.
14:14 of 2nd period - Todd White wins face-off versus Travis Zajac in Devils zone.
14:41 of 2nd period - Shot by Randy Robitaille.
14:41 of 2nd period - Stopped by Martin Brodeur with a rebound.
14:48 of 2nd period - Travis Zajac is hit by Branislav Mezei and loses puck.
15:27 of 2nd period - Shot by Mike Comrie.
15:27 of 2nd period - Stopped by Chris Osgood without a rebound.
15:28 of 2nd period - Simon Gagne wins face-off versus Michael Nylander in Flyers zone.
15:28 of 2nd period - Simon Gagne is hit by Zach Parise.
15:33 of 2nd period - Mike Knuble is hit by Michael Nylander and loses puck.
15:58 of 2nd period - Shot by Mike Knuble.
15:58 of 2nd period - Shot Misses the Net.
16:22 of 2nd period - Minor Penalty to Jamie Langenbrunner for High sticking.
16:23 of 2nd period - Michal Handzus wins face-off versus Juraj Kolnik in neutral zone.
16:49 of 2nd period - Michal Handzus is hit by Michael Nylander and loses puck.
17:05 of 2nd period - Icing by Brendan Shanahan.
17:06 of 2nd period - Michal Handzus wins face-off versus Zach Parise in Flyers zone.
18:15 of 2nd period - Shot by Keith Tkachuk.
18:15 of 2nd period - Shot Misses the Net.
18:29 of 2nd period - Shot by Jiri Hudler.
18:29 of 2nd period - Deflect By Todd White.
18:29 of 2nd period - Stopped by Martin Brodeur without a rebound.
18:30 of 2nd period - Travis Zajac wins face-off versus Todd White in Devils zone.
18:37 of 2nd period - Shot by Juraj Kolnik.
18:37 of 2nd period - Deflect By Travis Zajac.
18:37 of 2nd period - Stopped by Chris Osgood without a rebound.
18:38 of 2nd period - Mike Comrie wins face-off versus Todd White in Flyers zone.
18:50 of 2nd period - Brian Gionta is hit by Jiri Hudler and loses puck.
19:24 of 2nd period - Shot by Travis Zajac.
19:24 of 2nd period - Shot Blocked by Randy Robitaille.
19:26 of 2nd period - Shot by Chris Chelios.
19:26 of 2nd period - Stopped by Chris Osgood with a rebound.
19:30 of 2nd period - Shot by John Madden.
19:30 of 2nd period - Shot Misses the Net.
19:32 of 2nd period - Shot by Brad Lukowich.
19:32 of 2nd period - Stopped by Chris Osgood without a rebound.
19:33 of 2nd period - Scott Gomez wins face-off versus Keith Tkachuk in Flyers zone.

Period #3

0:01 of 3rd period - Simon Gagne wins face-off versus Scott Gomez in neutral zone.
0:03 of 3rd period - Keith Tkachuk is hit by Brendan Witt and loses puck.
0:09 of 3rd period - Off-side.
0:10 of 3rd period - Michael Nylander wins face-off versus Simon Gagne in neutral zone.
0:10 of 3rd period - Brian Rafalski is hit by Tomas Holmstrom and loses puck.
0:12 of 3rd period - Brian Rafalski is hit by Simon Gagne.
0:33 of 3rd period - Michael Nylander is hit by Simon Gagne and loses puck.
1:10 of 3rd period - Shot by Miroslav Satan.
1:10 of 3rd period - Shot Misses the Net.
1:26 of 3rd period - Shot by Scott Gomez.
1:26 of 3rd period - Shot Misses the Net.
1:30 of 3rd period - Shot by Miroslav Satan.
1:30 of 3rd period - Stopped by Chris Osgood without a rebound.
1:31 of 3rd period - Todd White wins face-off versus Mike Comrie in Flyers zone.
1:31 of 3rd period - Todd White is hit by Brian Gionta.
2:09 of 3rd period - Shot by Randy Robitaille.
2:09 of 3rd period - Shot Blocked by Colin White.
2:13 of 3rd period - Shot by Jiri Hudler.
2:13 of 3rd period - Stopped by Martin Brodeur without a rebound.
2:14 of 3rd period - Scott Gomez wins face-off versus Keith Tkachuk in Devils zone.
2:24 of 3rd period - Shot by Patrik Elias.
2:24 of 3rd period - Stopped by Chris Osgood without a rebound.
2:25 of 3rd period - Keith Tkachuk wins face-off versus Michael Nylander in Flyers zone.
3:19 of 3rd period - Icing by Brian Rafalski.
3:20 of 3rd period - Michael Nylander wins face-off versus Michal Handzus in Devils zone.
3:22 of 3rd period - Icing by Zach Parise.
3:23 of 3rd period - Michael Nylander wins face-off versus Michal Handzus in Devils zone.
3:31 of 3rd period - Icing by Michael Nylander.
3:32 of 3rd period - Michael Nylander wins face-off versus Michal Handzus in Devils zone.
3:32 of 3rd period - Michael Nylander is hit by Michal Handzus.
3:37 of 3rd period - Brian Rafalski is hit by Denis Gauthier and loses puck.
3:49 of 3rd period - Minor Penalty to Mike Knuble for Hooking.
3:50 of 3rd period - Todd White wins face-off versus Juraj Kolnik in Devils zone.
4:08 of 3rd period - Miroslav Satan is hit by Branislav Mezei and loses puck.
4:30 of 3rd period - Icing by Miroslav Satan.
4:31 of 3rd period - Juraj Kolnik wins face-off versus Michal Handzus in Devils zone.
5:54 of 3rd period - Shot by Mike Ribeiro.
5:54 of 3rd period - Shot Hit the Post.
5:56 of 3rd period - Shot by Brian Gionta.
5:56 of 3rd period - Shot Misses the Net.
6:00 of 3rd period - Shot by Mike Ribeiro.
6:00 of 3rd period - Stopped by Chris Osgood with a rebound.
6:04 of 3rd period - Shot by Brian Gionta.
6:04 of 3rd period - Shot Blocked by Wade Redden.
6:08 of 3rd period - Shot by Brian Gionta.
6:08 of 3rd period - Stopped by Chris Osgood without a rebound.
6:09 of 3rd period - Todd White wins face-off versus Travis Zajac in Flyers zone.
6:13 of 3rd period - Minor Penalty to Travis Zajac for Tripping.
6:14 of 3rd period - Michael Nylander wins face-off versus Keith Tkachuk in neutral zone.
6:59 of 3rd period - Icing by Simon Gagne.
7:00 of 3rd period - Michal Handzus wins face-off versus Zach Parise in Flyers zone.
7:18 of 3rd period - Minor Penalty to Simon Gagne for Roughing.
7:18 of 3rd period - Minor Penalty to Brian Rafalski for Hooking.
7:19 of 3rd period - Brendan Shanahan wins face-off versus Michael Nylander in Devils zone.
8:01 of 3rd period - Icing by Tomas Holmstrom.
8:02 of 3rd period - Keith Tkachuk wins face-off versus Michael Nylander in Flyers zone.
9:04 of 3rd period - Shot by Patrik Elias.
9:04 of 3rd period - Deflect By Michael Nylander.
9:04 of 3rd period - Stopped by Chris Osgood with a rebound.
9:57 of 3rd period - Mike Ribeiro is hit by Sami Kapanen and loses puck.
11:15 of 3rd period - Shot by Patrik Elias.
11:15 of 3rd period - Stopped by Chris Osgood without a rebound.
11:16 of 3rd period - Mike Knuble wins face-off versus Mike Comrie in Flyers zone.
11:16 of 3rd period - Jiri Hudler is hit by Brian Gionta and loses puck.
11:21 of 3rd period - Shot by Mike Comrie.
11:21 of 3rd period - Stopped by Chris Osgood without a rebound.
11:22 of 3rd period - Scott Gomez wins face-off versus Mike Knuble in Flyers zone.
11:23 of 3rd period - Shot by Miroslav Satan.
11:23 of 3rd period - Stopped by Chris Osgood without a rebound.
11:24 of 3rd period - Keith Tkachuk wins face-off versus Scott Gomez in Flyers zone.
11:36 of 3rd period - Icing by Brendan Witt.
11:37 of 3rd period - Mike Knuble wins face-off versus Scott Gomez in Devils zone.
11:38 of 3rd period - Shot by Brendan Shanahan.
11:38 of 3rd period - Deflect By Tomas Holmstrom.
11:38 of 3rd period - Stopped by Martin Brodeur without a rebound.
11:39 of 3rd period - Mike Comrie wins face-off versus Mike Knuble in Devils zone.
11:39 of 3rd period - Mike Comrie is hit by Brendan Shanahan.
11:50 of 3rd period - Brendan Shanahan is hit by Colin White and loses puck.
12:08 of 3rd period - Mike Comrie is hit by Mike Knuble and loses puck.
13:12 of 3rd period - Off-side.
13:13 of 3rd period - Keith Tkachuk wins face-off versus Scott Gomez in neutral zone.
13:13 of 3rd period - Wade Redden is hit by Miroslav Satan and loses puck.
13:32 of 3rd period - Shot by Simon Gagne.
13:32 of 3rd period - Shot Misses the Net.
13:36 of 3rd period - Shot by Keith Tkachuk.
13:36 of 3rd period - Shot Misses the Net.
13:41 of 3rd period - Icing by Patrik Elias.
13:42 of 3rd period - Scott Gomez wins face-off versus Michal Handzus in Devils zone.
13:50 of 3rd period - Michal Handzus is hit by Scott Gomez and loses puck.
14:24 of 3rd period - Icing by Mike Rathje.
14:25 of 3rd period - Mike Comrie wins face-off versus Brendan Shanahan in Flyers zone.
14:26 of 3rd period - Shot by Brian Gionta.
14:26 of 3rd period - Shot Misses the Net.
14:28 of 3rd period - Shot by Mike Comrie.
14:28 of 3rd period - Shot Misses the Net.
14:30 of 3rd period - Shot by Brian Gionta.
14:30 of 3rd period - Shot Misses the Net.
14:32 of 3rd period - Shot by Mike Comrie.
14:32 of 3rd period - Shot Misses the Net.
14:38 of 3rd period - Shot by Mike Comrie.
14:38 of 3rd period - Shot Misses the Net.
14:50 of 3rd period - Colin White is hit by Sami Kapanen and loses puck.
14:59 of 3rd period - Brendan Shanahan is hit by Brian Gionta and loses puck.
15:36 of 3rd period - Shot by Zach Parise.
15:36 of 3rd period - Shot Hit the Post.
15:40 of 3rd period - Shot by Brian Rafalski.
15:40 of 3rd period - Stopped by Chris Osgood without a rebound.
15:41 of 3rd period - Scott Gomez wins face-off versus Simon Gagne in Flyers zone.
15:41 of 3rd period - Scott Gomez is hit by Pavel Kubina.
15:43 of 3rd period - Shot by Patrik Elias.
15:43 of 3rd period - Stopped by Chris Osgood with a rebound.
15:47 of 3rd period - Shot by Patrik Elias.
15:47 of 3rd period - Shot Blocked by Pavel Kubina.
15:49 of 3rd period - Shot by Miroslav Satan.
15:49 of 3rd period - Stopped by Chris Osgood without a rebound.
15:50 of 3rd period - Todd White wins face-off versus Travis Zajac in Flyers zone.
17:03 of 3rd period - Patrik Elias is hit by Wade Redden and loses puck.
17:20 of 3rd period - Shot by Simon Gagne.
17:20 of 3rd period - Shot Blocked by Brendan Witt.
17:53 of 3rd period - Mike Comrie is hit by Wade Redden and loses puck.
18:06 of 3rd period - Shot by Mike Comrie.
18:06 of 3rd period - Shot Misses the Net.
18:08 of 3rd period - Shot by Mike Comrie.
18:08 of 3rd period - Shot Misses the Net.
18:22 of 3rd period - Brian Gionta is hit by Simon Gagne and loses puck.
18:38 of 3rd period - Icing by Pavel Kubina.
18:39 of 3rd period - Travis Zajac wins face-off versus Keith Tkachuk in Flyers zone.
18:50 of 3rd period - Shot by John Madden.
18:50 of 3rd period - Stopped by Chris Osgood without a rebound.
18:51 of 3rd period - Jamie Langenbrunner wins face-off versus Todd White in Flyers zone.
19:09 of 3rd period - Shot by Jiri Hudler.
19:09 of 3rd period - Stopped by Martin Brodeur without a rebound.
19:10 of 3rd period - Travis Zajac wins face-off versus Todd White in Devils zone.
19:10 of 3rd period - Travis Zajac is hit by Randy Robitaille.

Overtime #1

0:01 of 1st overtime period - Michael Nylander wins face-off versus Mike Knuble in neutral zone.
0:14 of 1st overtime period - Shot by Michael Nylander.
0:14 of 1st overtime period - Stopped by Chris Osgood without a rebound.
0:15 of 1st overtime period - Keith Tkachuk wins face-off versus Zach Parise in Flyers zone.
0:15 of 1st overtime period - Keith Tkachuk is hit by Miroslav Satan.
0:45 of 1st overtime period - Shot by Keith Tkachuk.
0:45 of 1st overtime period - Stopped by Martin Brodeur without a rebound.
0:46 of 1st overtime period - Michael Nylander wins face-off versus Mike Knuble in Devils zone.
0:52 of 1st overtime period - Off-side.
0:53 of 1st overtime period - Michael Nylander wins face-off versus Mike Knuble in neutral zone.
0:57 of 1st overtime period - Icing by Mike Knuble.
0:58 of 1st overtime period - Mike Knuble wins face-off versus Michael Nylander in Flyers zone.
1:25 of 1st overtime period - Shot by Simon Gagne.
1:25 of 1st overtime period - Shot Blocked by Brendan Witt.
1:32 of 1st overtime period - Patrik Elias is hit by Pavel Kubina and loses puck.
2:03 of 1st overtime period - Shot by Keith Tkachuk.
2:03 of 1st overtime period - Stopped by Martin Brodeur without a rebound.
2:04 of 1st overtime period - Keith Tkachuk wins face-off versus Zach Parise in Devils zone.
2:05 of 1st overtime period - Shot by Brendan Shanahan.
2:05 of 1st overtime period - Stopped by Martin Brodeur without a rebound.
2:06 of 1st overtime period - Keith Tkachuk wins face-off versus Zach Parise in Devils zone.
2:07 of 1st overtime period - Shot by Brendan Shanahan.
2:07 of 1st overtime period - Shot Misses the Net.
2:19 of 1st overtime period - Shot by Zach Parise.
2:19 of 1st overtime period - Stopped by Chris Osgood with a rebound.
2:21 of 1st overtime period - Shot by Miroslav Satan.
2:21 of 1st overtime period - Deflect By Zach Parise.
2:21 of 1st overtime period - Stopped by Chris Osgood with a rebound.
2:25 of 1st overtime period - Shot by Brian Rafalski.
2:25 of 1st overtime period - Shot Misses the Net.
2:27 of 1st overtime period - Shot by Miroslav Satan.
2:27 of 1st overtime period - Deflect By Zach Parise.
2:27 of 1st overtime period - Stopped by Chris Osgood without a rebound.
2:28 of 1st overtime period - Michael Nylander wins face-off versus Mike Knuble in Flyers zone.
2:33 of 1st overtime period - Shot by Patrik Elias.
2:33 of 1st overtime period - Shot Misses the Net.
2:38 of 1st overtime period - Off-side.
2:39 of 1st overtime period - Brendan Shanahan wins face-off versus Michael Nylander in neutral zone.
2:53 of 1st overtime period - Michael Nylander is hit by Simon Gagne and loses puck.
2:57 of 1st overtime period - Off-side.
2:58 of 1st overtime period - Zach Parise wins face-off versus Keith Tkachuk in neutral zone.
2:58 of 1st overtime period - Miroslav Satan is hit by Denis Gauthier and loses puck.
3:27 of 1st overtime period - Shot by Keith Tkachuk.
3:27 of 1st overtime period - Stopped by Martin Brodeur without a rebound.
3:28 of 1st overtime period - Mike Knuble wins face-off versus Michael Nylander in Devils zone.
3:35 of 1st overtime period - Shot by Mike Knuble.
3:35 of 1st overtime period - Shot Blocked by Brian Rafalski.
3:37 of 1st overtime period - Shot by Simon Gagne.
3:37 of 1st overtime period - Deflect By Mike Knuble.
3:37 of 1st overtime period - Goal by Mike Knuble - Devils : 2 - Flyers : 3.


Output by the SimonT Hockey Simulator (STHS) for Stephane Roy -- Original Page W3C XHTML 1.0 Valid